[Event "Live Chess"]
[Site "Chess.com"]
[Date "2024.06.01"]
[Round "-"]
[White "mrsmarple1968"]
[Black "MaximKovalenko83"]
[Result "0-1"]
[WhiteElo "1763"]
[BlackElo "2255"]
[TimeControl "300"]
[EndTime "12:50:57 PDT"]
[Termination "MaximKovalenko83 won on time"]

1. e4 e5 2. Bc4 Nf6 3. d3 Nc6 4. Nf3 Bc5 5. O-O d6 6. c3 Bg4 7.
Nbd2 O-O 8. Re1 a6 9. Bb3 b5 10. Nf1 Ne7 11. Ng3 Ng6 12. h3 Be6 13. Bc2 Bb6 14. d4 exd4 15. cxd4 d5 16. e5 Nd7 17. Bf5 c5 18. Bxg6 hxg6 19. dxc5 Nxc5 20. Nd4 Rc8 21. Be3 Re8 22. Qd2 Na4 23. Rac1 Ba5 24. b4 Bb6 25. Nb3 Bxe3 26. Qxe3 Rc4 27. Qd2 Qc7 28.
Nd4 Rc8 29. Nge2 Nb6 30. Nxe6 fxe6 31. Qg5 Qf7 32. Red1 Nd7 33. Rxc4 Rxc4 34. a3 Re4 35. Nd4 Rxe5 36. Qd8+ Nf8 37. Nc6 Re2 38. Ne7+ Kh7 39. Qd6 Qxf2+ 0-1

[Event "Live Chess"]
[Site "Chess.com"]
[Date "2024.06.01"]
[Round "-"]
[White "MaksymYurii"]
[Black "WelshTiger"]
[Result "0-1"]
[WhiteElo "933"]
[BlackElo "2543"]
[TimeControl "300"]
[EndTime "12:51:08 PDT"]
[Termination "WelshTiger won by checkmate"]

1. e4 c5 2. Nf3 d6 3. Bc4 e6 4. O-O Nf6 5. d3 Be7 6. Bd2 Nc6 7. Nc3 a6 8. a4 O-O 9. Bf4 Qc7 10. d4 cxd4 11. Nxd4 Nxd4 12. Qxd4 e5 13. Bxe5 dxe5 14.
Nd5 Nxd5 15. Qxd5 Be6 16. Qd2 Qxc4 17. b3 Qxe4 18. Rfe1 Rad8 19. Rxe4 Rxd2 20. Rxe5 Bf6 21. Rxe6 fxe6 22. Rf1 Rxc2 23. h3 Rd8 24. Re1 Rdd2 25.
Rxe6 Rxf2 26. Kh2 Rxg2+ 27. Kh1 Rh2+ 28. Kg1 Bd4+ 29. Kf1 Rh1# 0-1

[Event "Live Chess"]
[Site "Chess.com"]
[Date "2024.06.01"]
[Round "-"]
[White "Hacker_2009"]
[Black "OxonChess"]
[Result "1-0"]
[WhiteElo "2228"]
[BlackElo "1802"]
[TimeControl "300"]
[EndTime "12:51:11 PDT"]
[Termination "Hacker_2009 won by resignation"]

1. e4 e5 2. Nf3 Nc6 3. Bc4 Nf6 4. d3 Be7 5. O-O O-O 6. Nc3 d6 7. h3 Na5 8. Bb3 Nxb3 9. axb3 c6 10. Be3 a6 11.
Na4 b5 12. Nb6 Rb8 13. Nxc8 Qxc8 14. Qd2 Nd7 15. d4 Ra8 16. dxe5 dxe5 17. Rfd1 Rd8 18. Qc3 f6 19. Rd2 Nf8 20. Rxd8 Bxd8 21. Rd1 Be7 22. Nh4 g6 23. Bc5 Qc7 24. Bxe7 Qxe7 25. Qxc6 f5 26. Qxa8 Qxh4 27. Rd8 Qe7 28. exf5 gxf5 29. Re8 Qf6 30.
Qb8 Kg7 31. Qxe5 1-0

[Event "Live Chess"]
[Site "Chess.com"]
[Date "2024.06.01"]
[Round "-"]
[White "Bob2pen"]
[Black "Tushinskiy"]
[Result "0-1"]
[WhiteElo "1885"]
[BlackElo "2245"]
[TimeControl "300"]
[EndTime "12:51:15 PDT"]
[Termination "Tushinskiy won by resignation"]

1. c4 d6 2. g3 g6 3. Bg2 Bg7 4. Nf3 Nf6 5. O-O O-O 6. Nc3 c6 7. Rb1 e5 8. d3 Bg4 9. h3 Be6 10.
b4 Qc8 11. b5 Bxh3 12. c5 Bxg2 13. Kxg2 dxc5 14. Nxe5 Nbd7 15. Nxd7 Qxd7 16. Be3 Ng4 17.
Bxc5 Bxc3 18. Bxf8 Rxf8 19. e3 Nf6 20. d4 Ba5 21. bxc6 Qxc6+ 22. Qf3 Qxf3+ 23. Kxf3 b6 24. Rfc1 Nd5 25. Rc6 f5 26. Rd6 Nc3 27. Rh1 Rf7 28. a3 Kg7 29. Rd8 Ne4 30. Rc1 g5 31. Rcc8 g4+ 32. Kg2 Be1 33. Rg8+ Kf6 34. Rc6+ Ke7 35.
Rgc8 Rf6 36. R8c7+ Kd8 37. Rc8+ Kd7 38. R8c7+ Ke8 39.
Rc8+ Kf7 40. R8c7+ Kg6 41. Rxf6+ Kxf6 42. Rxa7 Bxf2 43.
Rxh7 Bxe3 44. Rh6+ Bxh6 0-1

[Event "Live Chess"]
[Site "Chess.com"]
[Date "2024.06.01"]
[Round "-"]
[White "Colm_Buckley"]
[Black "KwikPhoenix"]
[Result "1/2-1/2"]
[WhiteElo "1869"]
[BlackElo "2455"]
[TimeControl "300"]
[EndTime "12:51:28 PDT"]
[Termination "Game drawn by agreement"]

1. d4 f5 2. c4 Nf6 3. Nc3 e6 4. g3 Be7 5. Bg2 O-O 6. Nh3 d6 7. O-O e5 8. dxe5 dxe5 9. Nd5 Nxd5 10. Qxd5+ Qxd5 11. Bxd5+ Kh8 12. f4 c6 13. Bg2 e4 14.
Be3 Be6 15. b3 h6 16. Rfd1 Na6 17. a3 Bf6 18. Rab1 b6 19. Nf2 Rfd8 20. h3 g6 21.
g4 Kg7 22. g5 hxg5 23. fxg5 Be5 24. Kf1 Rac8 25. Bc1 Rxd1+ 26. Nxd1 Rd8 27. Ne3 f4 28. Ng4 Rd1+ 29. Kf2 Bd4+ 30. e3 Bxe3+ 31. Nxe3 fxe3+ 32. Kxe3 Kf7 33. Bxe4 Nc5 34. Bxc6 Bf5 35. Bf3 Rd3+ 36. Ke2 Rxf3 37. Kxf3 Bxb1 38. b4 Nb3 39. Be3 Bf5 40. h4 Bd7 41. Ke4 Ke6 42. Kd3 Ba4 43. Kc3 Kf5 44.
c5 bxc5 45. bxc5 Ke6 46. Kb4 Na1 47. Kxa4 Nc2 48. Bf2 Kd7 49. Kb3 1/2-1/2

[Event "Live Chess"]
[Site "Chess.com"]
[Date "2024.06.01"]
[Round "-"]
[White "Zhevzh1k7"]
[Black "KeithArkell"]
[Result "0-1"]
[WhiteElo "1108"]
[BlackElo "2465"]
[TimeControl "300"]
[EndTime "12:51:59 PDT"]
[Termination "KeithArkell won by checkmate"]

1. e4 c6 2. d4 d5 3. f3 e5 4. dxe5 Bc5 5. exd5 Qb6 6. Qe2 Bxg1 7. Nd2 cxd5 8. Nb3 Nc6 9. a4 a5 10. Bf4 Nge7 11. O-O-O Be6 12. Qb5 Be3+ 13. Bxe3 Qxe3+ 14. Kb1 O-O 15. Qxb7 Rab8 16. Qa6 Nxe5 17. Be2 Rb6 18.
Qxa5 Rfb8 19. Bb5 Nc4 20. Bxc4 dxc4 21. Rhe1 Qf2 22. Rf1 Qxf1 23. Rxf1 cxb3 24. cxb3 Rxb3 25. Rf2 h6 26. Qc5 Nd5 27. a5 Nf4 28. Rd2 Nd3 29.
Qd4 Nxb2 30. Rxb2 Rxb2+ 31. Qxb2 Rxb2+ 32. Kxb2 Bc4 33. Kc3 Bf1 34. g4 Be2 35. Kd2 Bxf3 36.
Ke3 Bxg4 37. a6 Bc8 38. a7 Bb7 39. Kd4 g5 40. Kc5 f5 41. Kb6 Be4 42. Kc7 f4 43. Kb8 f3 44. a8=Q Bxa8 45. Kxa8 f2 46. Kb7 f1=Q 47. Kc7 Qh3 48. Kd8 Qxh2 49. Ke7 Qf4 50. Ke8 g4 51. Ke7 g3 52. Ke6 g2 53. Kd5 g1=Q 54.
Ke6 Qge3+ 55. Kd5 Qfe5+ 56. Kc4 Q3c3# 0-1

[Event "Live Chess"]
[Site "Chess.com"]
[Date "2024.06.01"]
[Round "-"]
[White "gobbles19"]
[Black "Vladyslava_A"]
[Result "1-0"]
[WhiteElo "2247"]
[BlackElo "1630"]
[TimeControl "300"]
[EndTime "12:52:09 PDT"]
[Termination "gobbles19 won by resignation"]

1. e4 c5 2. d4 cxd4 3. c3 d3 4. Bxd3 e6 5. Bc4 a6 6. Nf3 b5 7.
Bb3 Bb7 8. Nbd2 Nc6 9. O-O Qc7 10.
Re1 Be7 11. Bc2 h5 12. e5 g5 13. Ne4 g4 14. Nd6+ Bxd6 15. exd6 Qd8 16. Nd4 Qf6 17. Be4 Nh6 18. Nxc6 Bxc6 19. Bxc6 dxc6 20. d7+ Kd8 21. Be3 Rb8 22. Bd4 Qh4 23. Bxh8 Nf5 24. Qd2 Rb7 25. Rad1 Ne7 26. Qd4 Nd5 27. b3 Qg5 28. c4 bxc4 29. bxc4 Rb4 30. a3 Ra4 31. Qc5 Kxd7 32. cxd5 exd5 33. Be5 1-0

[Event "Live Chess"]
[Site "Chess.com"]
[Date "2024.06.01"]
[Round "-"]
[White "nigelst"]
[Black "missedJariChance"]
[Result "1-0"]
[WhiteElo "1645"]
[BlackElo "1339"]
[TimeControl "300"]
[EndTime "12:52:20 PDT"]
[Termination "nigelst won by resignation"]

1. e4 c5 2. Nf3 e6 3. c3 Nc6 4.
d4 d5 5. exd5 exd5 6. Bd3 Bg4 7.
O-O Nf6 8. Bg5 Be7 9. Nbd2 cxd4 10. cxd4 Nxd4 11. Qa4+ Nc6 12. Ne5 Qc7 13. Bb5 Rc8 14.
Bxf6 Bxf6 15. Nxg4 O-O 16. Nxf6+ gxf6 17. Bxc6 bxc6 18. Nf3 Kh8 19. Qd4 Qd6 20. Rad1 a5 21. Ng5 Rg8 22. Ne4 Qf4 23. Qxf6+ Rg7 24. Qxf4 1-0

[Event "Live Chess"]
[Site "Chess.com"]
[Date "2024.06.01"]
[Round "-"]
[White "FlyingChessKestrel13"]
[Black "WilliamofOrange16th"]
[Result "1-0"]
[WhiteElo "2083"]
[BlackElo "1972"]
[TimeControl "300"]
[EndTime "12:52:45 PDT"]
[Termination "FlyingChessKestrel13 won by resignation"]

1. e4 d6 2. Nf3 Nf6 3. Bd3 e5 4. c3 Be7 5. Bc2 O-O 6. O-O Nbd7 7. d4 c6 8. Nbd2 Qc7 9. Re1 Re8 10. Nf1 h6 11.
Ng3 Nb6 12. Nh4 Bf8 13. Nhf5 exd4 14. cxd4 d5 15. e5 Nh7 16. Qd3 Bxf5 17. Nxf5 g6 18.
Nxh6+ Bxh6 19. Bxh6 Re6 20. Re3 Rae8 21. h4 Qe7 22. h5 Nc4 23. Rg3 Qh4 24. hxg6 Qxh6 25.
gxh7+ Kh8 26. b3 Nb6 27. Qf3 Rf8 28. Qg4 Rg6 29. Bxg6 fxg6 30. Qxg6 Qxg6 31. Rxg6 Kxh7 32. Rg4 1-0

[Event "Live Chess"]
[Site "Chess.com"]
[Date "2024.06.01"]
[Round "-"]
[White "Nazar-Makarchuk"]
[Black "alicechristina"]
[Result "0-1"]
[WhiteElo "1472"]
[BlackElo "1816"]
[TimeControl "300"]
[EndTime "12:52:48 PDT"]
[Termination "alicechristina won by checkmate"]

1. e4 c5 2. Nf3 d6 3. d4 cxd4 4. Qxd4 Nc6 5. Bb5 Bd7 6. Bxc6 Bxc6 7. O-O Nf6 8. e5 dxe5 9. Qxd8+ Rxd8 10. Nxe5 Rc8 11.
Nxc6 Rxc6 12. c3 e6 13. Bg5 Be7 14. Bxf6 Bxf6 15. Na3 Ke7 16. Nb5 a6 17. Nd4 Bxd4 18.
cxd4 Rc2 19. b3 Rd8 20. Rfd1 Kd6 21. Kf1 Rdc8 22. Ke1 Rb2 23. Rd2 Rcc2 24. Rxc2 Rxc2 25. a4 Kd5 26. Rd1 Rb2 27. Rd3 Ke4 28. Rf3 Kxd4 29. Rxf7 Rxb3 30. Rxg7 h5 31. Rh7 Kd3 32. Rxh5 Rb1# 0-1

[Event "Live Chess"]
[Site "Chess.com"]
[Date "2024.06.01"]
[Round "-"]
[White "LL220284LL"]
[Black "cymbalshift"]
[Result "1-0"]
[WhiteElo "2551"]
[BlackElo "1762"]
[TimeControl "300"]
[EndTime "12:52:52 PDT"]
[Termination "LL220284LL won by resignation"]

1. b3 Nf6 2. Bb2 d6 3. Nf3 g6 4. e3 Bg7 5. Be2 O-O 6. O-O Nbd7 7. d3 e5 8. c4 c6 9. Nc3 Re8 10. h3 Nf8 11. Re1 h5 12. Bf1 Qe7 13. Qc2 Bf5 14.
Rad1 N8h7 15. Qc1 Rad8 16. b4 d5 17. cxd5 cxd5 18. a3 Rc8 19. Qa1 Qe6 20. e4 dxe4 21. dxe4 Rxc3 22. exf5 gxf5 23. Bxc3 e4 24. Nd4 1-0

[Event "Live Chess"]
[Site "Chess.com"]
[Date "2024.06.01"]
[Round "-"]
[White "Thebigsqueeze"]
[Black "agamilewska"]
[Result "1-0"]
[WhiteElo "2291"]
[BlackElo "1757"]
[TimeControl "300"]
[EndTime "12:52:56 PDT"]
[Termination "Thebigsqueeze won by resignation"]

1. d4 d5 2. c4 dxc4 3. Nf3 e6 4. g3 Nf6 5. Bg2 Bb4+ 6. Bd2 Bxd2+ 7. Nbxd2 O-O 8. Nxc4 Nc6 9. O-O b6 10. Nfd2 Bb7 11.
Ne5 Qd6 12. Ndc4 Qxd4 13. Bxc6 Qxd1 14. Rfxd1 Bxc6 15. Nxc6 Rac8 16. Ne7+ 1-0

[Event "Live Chess"]
[Site "Chess.com"]
[Date "2024.06.01"]
[Round "-"]
[White "MaximKovalenko83"]
[Black "Ksenia_2013"]
[Result "1-0"]
[WhiteElo "2255"]
[BlackElo "842"]
[TimeControl "300"]
[EndTime "12:53:01 PDT"]
[Termination "MaximKovalenko83 won by checkmate"]

1. e4 e5 2. Nf3 Nc6 3. Bc4 Bc5 4. O-O Nf6 5. d3 O-O 6. Ng5 d6 7. c3 Bg4 8. Qb3 Na5 9. Bxf7+ Rxf7 10. Qxf7+ Kh8 11. b4 Nxe4 12. dxe4 Qxg5 13. Bxg5 Nc6 14. bxc5 Nd8 15. Qf8# 1-0

[Event "Live Chess"]
[Site "Chess.com"]
[Date "2024.06.01"]
[Round "-"]
[White "TigerTank70"]
[Black "PaulHumphreys"]
[Result "1-0"]
[WhiteElo "2193"]
[BlackElo "1393"]
[TimeControl "300"]
[EndTime "12:53:02 PDT"]
[Termination "TigerTank70 won by resignation"]

1. e4 d5 2. exd5 Nf6 3. d4 Nxd5 4. c4 Nf6 5. Nc3 Bf5 6. Be2 Nc6 7.
Nf3 e6 8. O-O Bb4 9. Bg5 O-O 10.
Qb3 a5 11. a3 Be7 12. Qxb7 Qd7 13. Ne5 Nxe5 14. dxe5 Rfb8 15. Qf3 Bg4 16. Qe3 Rxb2 17. exf6 Bxe2 18. Nxe2 gxf6 19. Bh6 Kh8 20. Rfd1 Qc6 21. Ng3 Rg8 22. Qc3 Qb6 23. Be3 Qb7 24. c5 Rb3 25. Qc4 Rb8 26. h3 f5 27. Bd4+ Kg8 28. Be5 Bh4 29. Qxh4 1-0

[Event "Live Chess"]
[Site "Chess.com"]
[Date "2024.06.01"]
[Round "-"]
[White "NeilDruggan73"]
[Black "Dhaydon19"]
[Result "0-1"]
[WhiteElo "1755"]
[BlackElo "2682"]
[TimeControl "300"]
[EndTime "12:53:03 PDT"]
[Termination "Dhaydon19 won by resignation"]

1. d4 d5 2. Bg5 Nf6 3. Bxf6 exf6 4. e3 c6 5. g3 g6 6. Bg2 Bg7 7. Ne2 f5 8. O-O Nd7 9. b3 Nf6 10. c4 dxc4 11. bxc4 O-O 12. Nbc3 Qe7 13. Rb1 Rd8 14. Re1 Be6 15. Qb3 Rab8 16. Rbd1 b5 17. Bxc6 Bxc4 18.
Qb2 Qd6 19. Bg2 h5 20. h4 b4 21. Nb1 Nd5 22. Nd2 Bxe2 23. Rxe2 Nc3 24. Nc4 Nxd1 25.
Nxd6 Nxb2 26. Nxf7 Kxf7 27. Rxb2 a5 28. f4 Rxd4 29. Kf2 Rxf4+ 30. gxf4 Bxb2 0-1

[Event "Live Chess"]
[Site "Chess.com"]
[Date "2024.06.01"]
[Round "-"]
[White "matt1979"]
[Black "JanMur7"]
[Result "0-1"]
[WhiteElo "1401"]
[BlackElo "2313"]
[TimeControl "300"]
[EndTime "12:53:05 PDT"]
[Termination "JanMur7 won by resignation"]

1. f4 e5 2. fxe5 d6 3. Nf3 dxe5 4. e4 Nc6 5. Bb5 Qd6 6. Nc3 a6 7. Bxc6+ bxc6 8. O-O Nf6 9. d3 Be7 10. Kh1 O-O 11. Qe1 Nh5 12. Qe2 Bg4 13. h3 Ng3+ 0-1

[Event "Live Chess"]
[Site "Chess.com"]
[Date "2024.06.01"]
[Round "-"]
[White "Brooms1989"]
[Black "febray_27"]
[Result "0-1"]
[WhiteElo "1085"]
[BlackElo "2007"]
[TimeControl "300"]
[EndTime "12:53:10 PDT"]
[Termination "febray_27 won on time"]

1. e4 c5 2. Be2 e6 3. d3 d5 4.
f4 Nf6 5. e5 Nfd7 6. Nf3 Nc6 7.
O-O g6 8. Qe1 Bg7 9. Be3 O-O 10.
c3 b6 11. Qg3 f6 12. d4 cxd4 13. cxd4 fxe5 14. fxe5 Bb7 15. Qh3 Qe8 16. Bh6 Nb4 17. Bxg7 Kxg7 18. Ng5 Rxf1+ 19. Bxf1 Nf8 20. Nc3 a6 21.
Be2 Qe7 22. Nf3 Nd7 23. Rf1 Rf8 24. Qh4 Qxh4 25. Nxh4 Rxf1+ 26. Kxf1 Nc2 27. Nf3 b5 28. a3 Ne3+ 29. Kg1 h6 30. Kf2 Nf5 31. g4 Ne7 32. h4 Nb6 33. Nd2 Nc6 34. Ke3 Nc4+ 35. Nxc4 bxc4 36. Na4 Bc8 37. Nc5 g5 38. hxg5 hxg5 39. Bd1 Na7 40. Ba4 Nb5 41. Bxb5 axb5 42. Kd2 Kf7 43. Kc3 Ke7 44. Kb4 Kd8 45. Kxb5 Kc7 46. a4 Kb8 47. a5 Kc7 48. a6 Kb8 49. Kb6 Ka8 50. Kc7 Bxa6 51. Nxa6 Ka7 52. Nc5 Ka8 53. Nxe6 Ka7 54. Nxg5 Ka8 55. Ne6 Ka7 56. g5 Ka6 57. g6 Kb5 58. g7 Kb4 59. g8=Q Kb3 60. Qb8+ Kc2 61. Qb4 Kd3 62. Qc3+ Ke4 63. Ng5+ Kf5 64.
e6 Kxg5 65. e7 Kf6 66. e8=Q Kf5 67. Qf8+ Ke4 68. Qe1+ Kxd4 69. Qf4+ Kc5 70. Qef2+ Kb4 71. Qc1 Kb3 72. Qc3+ Ka4 0-1

[Event "Live Chess"]
[Site "Chess.com"]
[Date "2024.06.01"]
[Round "-"]
[White "Cruiseylee78"]
[Black "Kyrylo7770"]
[Result "1/2-1/2"]
[WhiteElo "1681"]
[BlackElo "1683"]
[TimeControl "300"]
[EndTime "12:53:13 PDT"]
[Termination "Game drawn by agreement"]

1. d4 d5 2. Bf4 Bg4 3. e3 Bxd1 4. Kxd1 Nf6 5. Bd3 Ng4 6. Ke2 e6 7. h3 Nf6 8. Nf3 Bd6 9. Bg5 Be7 10. Nc3 c5 11. dxc5 Bxc5 12. Rhd1 Be7 13. Kf1 O-O 14. e4 d4 15. Nb5 a6 16. Nbxd4 Qb6 17. e5 Nd5 18. c3 Bxg5 19. Nxg5 h6 20. Ne4 Nc6 21. Nxc6 bxc6 22. Rab1 Nf4 23. b4 Nxd3 24. Rxd3 Qb5 25.
Rd1 Qc4 26. Nd6 Qxa2 27. R1d2 Qb1+ 28. Ke2 Qb3 29. Kf1 a5 30. b5 cxb5 31. c4 Qb1+ 32. Rd1 Qc2 33. cxb5 Rab8 34. Rd4 Qc5 35. Re4 Rxb5 36. Nxb5 Qxb5+ 37. Kg1 a4 38. Ra1 Qb3 39. Rexa4 Qb2 40. f4 h5 41. Kh2 g6 42. R1a2 Qc3 43. R2a3 Qe1 44. Ra1 Qe3 45. R1a3 Qd2 46. Ra2 Qd8 47. Rc2 h4 48. Rca2 Qd3 49. R4a3 Qd1 50. Ra1 Qd2 51. Rf3 Rc8 52. Raf1 Kg7 53. R1f2 Qe1 54.
Rf1 Qe4 55. R1f2 Rc1 56. Rf1 Rc2 57. Kh1 Qf5 58. Kg1 1/2-1/2

[Event "Live Chess"]
[Site "Chess.com"]
[Date "2024.06.01"]
[Round "-"]
[White "IanCalvert2"]
[Black "Plato_77"]
[Result "0-1"]
[WhiteElo "1542"]
[BlackElo "1362"]
[TimeControl "300"]
[EndTime "12:53:14 PDT"]
[Termination "Plato_77 won by checkmate"]

1. b3 e5 2. Bb2 Nc6 3. e3 Nf6 4.
Nf3 e4 5. Nd4 d5 6. Nxc6 bxc6 7.
d3 Bd6 8. Nd2 Bg4 9. Be2 h5 10.
h3 Bf5 11. dxe4 dxe4 12. Nc4 Qe7 13. Nxd6+ cxd6 14. Qd4 h4 15. Rd1 Rd8 16. c4 O-O 17. O-O Rfe8 18. Bg4 Bxg4 19. hxg4 Qf8 20. Rd2 Nxg4 21.
Rfd1 f5 22. Qxa7 Re7 23. Qd4 h3 24. gxh3 Ne5 25. Qc3 Qf7 26. Kf1 Qh5 27. Rxd6 Qxh3+ 28. Ke2 Qf3+ 29. Ke1 Rxd6 30. Rxd6 Nd3+ 31. Rxd3 exd3 32. Qxd3 f4 33. Qd8+ Kf7 34. Bd4 fxe3 35. Bxe3 Qh1+ 36. Ke2 Qe4 37. Qd2 g5 38. Kf1 g4 39. Bc5 Qh1# 0-1

[Event "Live Chess"]
[Site "Chess.com"]
[Date "2024.06.01"]
[Round "-"]
[White "DarranAS"]
[Black "RichardABates"]
[Result "0-1"]
[WhiteElo "1455"]
[BlackElo "2233"]
[TimeControl "300"]
[EndTime "12:53:14 PDT"]
[Termination "RichardABates won by resignation"]

1. e4 c5 2. Nf3 d6 3. d3 g6 4. Be2 Bg7 5. Nc3 Nc6 6. Be3 Nf6 7. h3 O-O 8. Qd2 e5 9. O-O-O Nd4 10. Bh6 Qa5 11.
Bxg7 Kxg7 12. g4 Be6 13. b3 b5 14. Ng5 Qxc3 15. Qxc3 Nxe2+ 16. Kb2 Nxc3 17. Kxc3 b4+ 18. Kb2 a5 19. Rhf1 a4 20. f4 exf4 21. Rxf4 Nd7 22. Rdf1 Ne5 23. Nxe6+ fxe6 24. Rxf8 Rxf8 25. Rxf8 Kxf8 26.
bxa4 Nc6 27. Kb3 Na5+ 28. Kb2 d5 29. exd5 exd5 30. c3 bxc3+ 31. Kxc3 Ke7 32. d4 Kd6 33. h4 cxd4+ 34. Kxd4 Nc6+ 35. Kd3 Kc5 0-1

[Event "Live Chess"]
[Site "Chess.com"]
[Date "2024.06.01"]
[Round "-"]
[White "dl_chess"]
[Black "Demyan7777"]
[Result "0-1"]
[WhiteElo "1183"]
[BlackElo "1814"]
[TimeControl "300"]
[EndTime "12:53:14 PDT"]
[Termination "Demyan7777 won by resignation"]

1. e4 c5 2. Nf3 d6 3. d4 cxd4 4. Nxd4 Nf6 5. Nc3 a6 6. Be3 e6 7. Bc4 Be7 8. Bb3 O-O 9. Qd2 b5 10. a3 Qc7 11. O-O-O Nbd7 12. f4 Nc5 13. e5 dxe5 14.
fxe5 Qxe5 15. Bf4 Qh5 16. h3 Nfe4 17. Nxe4 Nxe4 18. Qe3 Bb7 19. Rhf1 e5 20. g4 exf4 21.
Rxf4 Qh6 22. Rxe4 Bg5 23. Bxf7+ Rxf7 24. Qxg5 Qxg5+ 25. Kb1 Bxe4 0-1

[Event "Live Chess"]
[Site "Chess.com"]
[Date "2024.06.01"]
[Round "-"]
[White "ProfPoisson"]
[Black "NottheBishopSacrifice"]
[Result "0-1"]
[WhiteElo "1278"]
[BlackElo "2263"]
[TimeControl "300"]
[EndTime "12:53:15 PDT"]
[Termination "NottheBishopSacrifice won by resignation"]

1. e4 c6 2. d4 d5 3. exd5 cxd5 4. c4 Nf6 5. Nc3 Nc6 6. Bg5 dxc4 7. Bxc4 e6 8. Nf3 Be7 9. O-O O-O 10. h4 h6 11.
Bxf6 Bxf6 12. Ne2 Bxh4 13. Nxh4 Qxh4 14. Qd3 a6 15. a4 b6 16. Rad1 Bb7 17. Qg3 Qf6 18.
b3 Nb4 19. Qc7 Rab8 20. Qxb6 Bxg2 21. Qd6 Bxf1 22. Kxf1 Rfd8 23. Qg3 Nd5 24. Bxd5 exd5 25. Nc3 Rxb3 26. Rc1 Qxd4 27. Qc7 Rf8 28. Qg3 Qc4+ 29. Kg2 d4 30. Rg1 Rxc3 31. Kh1 Rxg3 0-1

[Event "Live Chess"]
[Site "Chess.com"]
[Date "2024.06.01"]
[Round "-"]
[White "DoctorMantisTobogganMD"]
[Black "Sweet-O"]
[Result "1-0"]
[WhiteElo "2170"]
[BlackElo "1555"]
[TimeControl "300"]
[EndTime "12:53:19 PDT"]
[Termination "DoctorMantisTobogganMD won by resignation"]

1. e4 e5 2. Nc3 Nf6 3. Bc4 Bc5 4. d3 d6 5. f4 c6 6. Nf3 b5 7. Bb3 Ng4 8. Rf1 Be3 9. h3 Bxc1 10. Qxc1 Nf6 11.
fxe5 dxe5 12. Nxe5 Be6 13. Qf4 Qd4 14. Nf3 Qd7 15. g4 Nh5 16. gxh5 O-O 17. Rg1 b4 18. Qg3 g6 19. Ne2 Bxh3 20. Nf4 Be6 21. hxg6 1-0

[Event "Live Chess"]
[Site "Chess.com"]
[Date "2024.06.01"]
[Round "-"]
[White "jimwad"]
[Black "Silverback7829"]
[Result "1-0"]
[WhiteElo "1269"]
[BlackElo "1049"]
[TimeControl "300"]
[EndTime "12:53:46 PDT"]
[Termination "jimwad won by checkmate"]

1. c4 e5 2. g3 Nc6 3. Bg2 Nf6 4. e3 d6 5. Nc3 Be7 6. Nge2 O-O 7. O-O Be6 8. b3 a5 9. d4 exd4 10.
exd4 Ng4 11. d5 Nce5 12. dxe6 fxe6 13. Bxb7 Rb8 14. Bg2 d5 15. cxd5 exd5 16. Qxd5+ Qxd5 17. Bxd5+ Nf7 18. Bxf7+ Kxf7 19. Bf4 Kg8 20. Bxc7 Rbc8 21.
Bf4 Rc5 22. Ne4 Nf6 23. Nxc5 Bxc5 24. Rac1 Bb6 25. Rc6 Ba7 26. Ra6 Bc5 27. Rxa5 Bb6 28. Rb5 Bd8 29. a4 Be7 30. a5 Bd8 31. b4 Be7 32.
Rb7 Kf7 33. Bb8 Rc8 34. a6 Rc2 35. Nf4 Ne4 36. a7 Kf6 37. Rb6+ Kf7 38. Ra6 Rb2 39. a8=Q Rxb4 40. Qd5+ Ke8 41. Qg8+ Kd7 42. Rd1+ Nd6 43. Qe6+ Ke8 44. Bxd6 Rb6 45. Ra8+ Rb8 46. Rxb8# 1-0

[Event "Live Chess"]
[Site "Chess.com"]
[Date "2024.06.01"]
[Round "-"]
[White "uselessduffer"]
[Black "bobby_jamesFischer86"]
[Result "1-0"]
[WhiteElo "2430"]
[BlackElo "1614"]
[TimeControl "300"]
[EndTime "12:53:56 PDT"]
[Termination "uselessduffer won by resignation"]

1. e4 c5 2. Nc3 d6 3. f4 Nf6 4. Nf3 Nc6 5. Bb5 e6 6. Bxc6+ bxc6 7. d3 Be7 8. O-O O-O 9. Qe1 d5 10. e5 Nd7 11. b3 f6 12. Na4 fxe5 13. fxe5 Qc7 14. c4 d4 15. Ba3 Rf5 16. Qe4 Bb7 17. Nxd4 Rxe5 18. Qg4 Nf6 19. Qg3 Bd6 20. Rxf6 Rh5 21.
Qg4 Bxh2+ 22. Kf1 Rf8 23. Rxf8+ Kxf8 24. Nxe6+ 1-0

[Event "Live Chess"]
[Site "Chess.com"]
[Date "2024.06.01"]
[Round "-"]
[White "Stanbad1"]
[Black "gmnorfolk"]
[Result "1-0"]
[WhiteElo "2665"]
[BlackElo "2061"]
[TimeControl "300"]
[EndTime "12:53:57 PDT"]
[Termination "Stanbad1 won by resignation"]

1. d4 Nf6 2. Nc3 e6 3. e4 d5 4. Bg5 Bb4 5. exd5 Qxd5 6. Bxf6 gxf6 7. Ne2 Nc6 8. Qd2 Bd7 9. Nxd5 Bxd2+ 10. Kxd2 exd5 11.
Re1 O-O-O 12. c3 Be6 13. g3 Ne7 14. Bg2 c6 15. Nf4 Kd7 16. Nd3 b6 17. h4 Nf5 18.
Nf4 Nd6 19. b3 Bf5 20. Nh5 Ne4+ 21. Bxe4 Bxe4 22. Nxf6+ Kd6 23. Nxe4+ dxe4 24. Rxe4 f5 25. Re5 f4 26. Rhe1 fxg3 27. fxg3 Rhg8 28. Re6+ Kc7 29. Re7+ Rd7 30. Rxd7+ Kxd7 31. Re3 Rf8 32. Ke2 a5 33. c4 Kd6 34. Rd3 b5 35. d5 bxc4 36. bxc4 Kc5 37.
dxc6 Kxc6 38. Ke3 a4 39. Rd5 Rg8 40. Kf3 Rf8+ 41. Kg2 Re8 42. Kf3 Rb8 43. Ra5 Rb4 44. c5 Kd5 45. g4 Rc4 46. h5 h6 47. Ra6 Rxc5 48. Rxa4 Ke5 49. Kg3 Rc3+ 50. Kh4 Kf6 51. Ra6+ Kg7 52. a4 Rc1 53. a5 Rh1+ 54. Kg3 Rg1+ 55. Kf3 Rf1+ 56. Kg2 Ra1 57. Rg6+ Kh7 58. a6 Ra2+ 59. Kg3 Ra3+ 60. Kh4 Ra4 61. Rb6 Ra1 62. Rb7+ Kg8 63. a7 1-0

[Event "Live Chess"]
[Site "Chess.com"]
[Date "2024.06.01"]
[Round "-"]
[White "koekoekoe"]
[Black "WorcesterYork"]
[Result "0-1"]
[WhiteElo "2056"]
[BlackElo "2499"]
[TimeControl "300"]
[EndTime "12:53:58 PDT"]
[Termination "WorcesterYork won by resignation"]

1. d4 c5 2. d5 d6 3. c4 g6 4. Nc3 Bg7 5. e4 a6 6. Bf4 Nf6 7. Nf3 O-O 8. h3 Nbd7 9. Bd3 Rb8 10. O-O Ne8 11. Qc2 Nc7 12. a3 b5 13.
b3 b4 14. axb4 cxb4 15. Ne2 Bxa1 16. Rxa1 Re8 17. Bh6 f6 18. e5 Nxe5 19. Nxe5 dxe5 20. Bxg6 e6 21. Bxe8 Qxe8 22. d6 Na8 23. c5 Bb7 24. Rd1 Bd5 25. Qd3 Rc8 26. Qg3+ Qg6 27. Be3 Kf7 28.
Qxg6+ hxg6 29. Rc1 Ke8 30. Bh6 Kd7 31. Bf8 Bxb3 32.
Be7 f5 33. Bf6 Bd5 34. Bxe5 a5 35. Nd4 a4 36. Nc2 Rxc5 37. Na3 Rxc1+ 0-1

[Event "Live Chess"]
[Site "Chess.com"]
[Date "2024.06.01"]
[Round "-"]
[White "f4nomore"]
[Black "chessfiction"]
[Result "0-1"]
[WhiteElo "1201"]
[BlackElo "2395"]
[TimeControl "300"]
[EndTime "12:54:02 PDT"]
[Termination "chessfiction won by resignation"]

1. b3 d5 2. Bb2 Nc6 3. e3 Nf6 4.
f4 Bf5 5. d3 Qd6 6. Nf3 O-O-O 7. Nbd2 Ng4 8. Be2 Nxe3 9. Qc1 Nxg2+ 10. Kf2 Nxf4 11. c4 Bxd3 12. Ba3 Qg6 13. Rg1 Nh3+ 14. Kf1 Nxg1 15. Nxg1 Nd4 16. Qd1 e5 17. Ngf3 Bxe2+ 18. Qxe2 Nxe2 19. Kxe2 Bxa3 20. Rg1 e4 21. Rxg6 exf3+ 22. Nxf3 hxg6 23. cxd5 Rxd5 0-1

[Event "Live Chess"]
[Site "Chess.com"]
[Date "2024.06.01"]
[Round "-"]
[White "GwaryTek"]
[Black "grillage"]
[Result "0-1"]
[WhiteElo "1973"]
[BlackElo "1870"]
[TimeControl "300"]
[EndTime "12:54:14 PDT"]
[Termination "grillage won on time"]

1. d4 e6 2. Nf3 Nf6 3. c4 Bb4+ 4. Nc3 c5 5. g3 O-O 6. Bg2 d6 7. O-O Bxc3 8. bxc3 Nc6 9. Rb1 e5 10. h3 Rb8 11. Be3 Qe7 12. Ng5 Na5 13. Qa4 b6 14. Qxa5 bxa5 15. Rxb8 Ba6 16. Rfb1 h6 17. Ne4 Rxb8 18. Rxb8+ Kh7 19. dxc5 Nxe4 20. Bxe4+ g6 21. cxd6 Qxd6 22. Ra8 Qd1+ 23. Kg2 Qxe2 24. Rxa7 Bxc4 25. g4 Kg7 0-1